 Dungeon Crawl Stone Soup version 0.29.0-4-gdea44cf6ec (webtiles) character file.

Game seed: 1395452594177060293

53 qw the Chopper (level 3, 0/21 HPs)
             Began as a Tengu Warper on Aug 28, 2022.
             Slain by an adder (1 damage)
             ... on level 2 of the Dungeon.
             The game lasted 00:00:06 (1396 turns).

qw the Chopper (Tengu Warper)                       Turns: 1396, Time: 00:00:07

Health: 0/21       AC:  4    Str: 13    XL:     3   Next: 89%
Magic:  7/7        EV: 11    Int: 13    God:
Gold:   80         SH:  5    Dex: 13    Spells: 6/6 levels left

rFire   . . .      SeeInvis .   Y - +0 hand axe
rCold   . . .      Faith    .   a - +1 buckler {rN+}
rNeg    + . .      Spirit   .   b - +0 leather armour
rPois   .          Reflect  .   (helmet restricted)
rElec   .          Harm     .   (no cloak)
rCorr   .          Rampage  .   h - +0 pair of gloves
Will    .....                   (boots unavailable)
Stlth   +.........              (no amulet)
HPRegen 0.07/turn               (no ring)
MPRegen 0.10/turn               (no ring)

@: lethally poisoned (0 -> -3), about to teleport
A: beak, talons 3
a: no special abilities


You were on level 2 of the Dungeon.
You visited 1 branch of the dungeon, and saw 2 of its levels.

You collected 80 gold pieces.


Innate Abilities, Weirdness & Mutations

You have a beak for a mouth.
You have claws for feet.


   Skills:
 - Level 2.0 Fighting
 + Level 3.5 Axes
 - Level 1.0 Throwing
 - Level 1.1 Armour
 - Level 2.1 Dodging
 - Level 2.2 Shields
 - Level 2.0 Spellcasting
 - Level 2.4 Translocations


You had 6 spell levels left.
You didn't know any spells.
Your spell library contained the following spells:

 Spells                   Type           Power      Damage    Failure   Level
 Blink                    Tloc           14%        N/A       24%         2
 Gell's Gravitas          Tloc           7%         N/A       43%         3
 Lesser Beckoning         Tloc           7%         N/A       43%         3
 Teleport Other           Tloc           7%         N/A       43%         3
 Manifold Assault         Tloc           7%         N/A       99%         5

Inventory:

Hand Weapons
 j - a +0 club
 Y - a +0 hand axe (weapon)
Armour
 a - a +1 buckler of positive energy (worn)
 b - a +0 leather armour (worn)
 h - a +0 pair of gloves (worn)
Jewellery
 i - a ring of fire
Scrolls
 l - a scroll of teleportation
Potions
 c - a potion of berserk rage {unknown}
 d - a potion of curing
 k - a potion of attraction {unknown}
 m - a potion of mutation {unknown}

Dungeon Overview and Level Annotations

Branches:
Dungeon (2/15)

Altars:


Message History

You barely miss the hobgoblin. You claw the hobgoblin.
You kill the hobgoblin!
You miss the adder.
You feel sick. The adder bites you.
You are more poisoned.
The adder poisons you! You block the adder's attack.
You miss the adder.
The adder is lightly wounded.
You feel sick. The adder bites you but does no damage.
You hit the adder. Your kick misses the adder. Your peck misses the adder.
The adder is severely wounded.
You feel sick. You block the adder's attack. The adder closely misses you.
You miss the adder.
The adder is severely wounded.
You feel sick. The adder misses you.
You closely miss the adder. You peck the adder, but do no damage.
The adder is severely wounded.
You feel sick. The adder bites you but does no damage.
The adder barely misses you.
You miss the adder. Your kick misses the adder.
The adder is severely wounded.
You feel sick.
You are no longer poisoned.
You block the adder's attack.
You hit the adder.
The adder is almost dead.
The adder closely misses you. The adder bites you but does no damage.
You hit the adder but do no damage.
The adder is almost dead.
The adder bites you. x2
You are lethally poisoned!
The adder poisons you!
1395 ||| READING 2 scrolls of teleportation.
As you read the scroll of teleportation, it crumbles to dust.
You feel strangely unstable.
You feel sick. The adder barely misses you.
You barely miss the adder. You claw the adder, but do no damage.
The adder is almost dead.
You feel sick. The adder bites you.
You die...

#........ .
.......
..###......
..........
.......?.#
.........#
.........#
......S@.######
........%.....#
.........####.#
.........# #.#
.........# #.#
.........# #.#
#.######
..######## #.#
#....... .. #.#
#....... #.#
+.......


You could see an adder.

Vanquished Creatures
  A hound (D:2)
  2 dart slugs (D:1)
  2 endoplasms
  4 hobgoblins
  A kobold (D:1)
  3 quokkas
  3 ball pythons
  3 rats (D:1)
19 creatures vanquished.

Notes
Turn   | Place    | Note
-------+----------+-------------------------------------------
     0 | D:1      | qw the Tengu Warper began the quest for the Orb.
     0 | D:1      | Reached XP level 1. HP: 12/12 MP: 4/4
     0 | D:1      | 0 ||| qw: Version: 0.1-a-89-g26bdef1
     0 | D:1      | 0 ||| qw: Game counter: 177
     0 | D:1      | 0 ||| qw: Always use a shield: true
     0 | D:1      | 0 ||| qw: God list: Okawaru
     0 | D:1      | 0 ||| qw: Allow faded altars: false
     0 | D:1      | 0 ||| qw: Do Orc after D:15 true
     0 | D:1      | 0 ||| qw: Do second Lair branch before Depths: true
     0 | D:1      | 0 ||| qw: Lair rune preference: random
     0 | D:1      | 0 ||| qw: Plans: Normal
     0 | D:1      | 0 ||| PLANNING D:1-11
   365 | D:1      | 365 ||| Stepping ~*~*~tactically~*~*~ (hiding).
   376 | D:1      | Reached skill level 3 in Axes
   376 | D:1      | Reached XP level 2. HP: 17/17 MP: 6/6
   437 | D:1      | 437 ||| Stepping ~*~*~tactically~*~*~ (stealth).
   893 | D:1      | 893 ||| UPGRADING to +0 pair of gloves.
   898 | D:1      | 898 ||| READING scroll labelled BOOPTI KACU.
   899 | D:1      | 899 ||| READING 4 scrolls labelled YRCHIY YW HOUPRUH.
   900 | D:1      | 900 ||| READING scroll labelled ACHUAK HENIX.
  1021 | D:1      | 1021 ||| READING 2 scrolls labelled KUIRCH BAIHO.
  1026 | D:1      | 1026 ||| READING scroll labelled GAUZICV CIBAUB.
  1026 | D:1      | Identified a scroll of acquirement
  1026 | D:1      | 1026 ||| ACQUIRING +1 buckler of positive energy
  1026 | D:1      | Acquired a +1 buckler of positive energy
  1028 | D:1      | 1028 ||| UPGRADING to +1 buckler of positive energy.
  1033 | D:1      | 1033 ||| DRINKING 2 blue potions.
  1034 | D:1      | 1034 ||| DROPPING scroll of blinking.
  1035 | D:1      | 1035 ||| DROPPING 3 scrolls of noise.
  1345 | D:2      | Reached XP level 3. HP: 18/21 MP: 7/7
  1394 | D:2      | HP: 4/21 [adder (2)]
  1395 | D:2      | 1395 ||| READING 2 scrolls of teleportation.
  1396 | D:2      | HP: 1/21 [poisoned by an adder]
  1396 | D:2      | Slain by an adder

Levels and vault maps discovered:
D:1:      roderic_chinese_lattice_arrival, layout_basic,
          chequers_serial_rivers_large_b
D:2:      layout_basic, uniq_terence

Skill      XL: |  1  2 |
---------------+-------+-----
Axes           | 3 |  3.5
Shields        | 2 |  2.2
Fighting       | |  2.0
Throwing       | |  1.0
Armour         | |  1.1
Dodging        | |  2.1
Spellcasting   | |  2.0
Translocations | |  2.4

Action                   || total
-------------------------++-------
Melee: Hand axe          ||    55
       Kick              ||    13
       Peck              ||     7
Throw: Boomerang         ||     7
  Use: Scroll            ||     6
       Potion            ||     1
Armor: Leather armour    ||    14
Dodge: Dodged            ||    27
Block: Buckler           ||     7

Table legend:
 A = Non-vault XP
 B = Vault XP
 C = Vault XP percentage of total XP
 D = Non-vault monster count
 E = Vault monster count
 F = Vault count percentage of total count
                 A         B        C        D         E       F
            +---------+---------+-------+---------+---------+-------
      Total |      77 |       0 |   0.0 |      19 |       0 |   0.0
            +---------+---------+-------+---------+---------+-------
        D:1 |      22 |       0 |   0.0 |      11 |       0 |   0.0
        D:2 |      55 |       0 |   0.0 |       8 |       0 |   0.0
            +---------+---------+-------+---------+---------+-------
